 Dungeon Sprint DCSS version 0.31-a0-18-gea43df2a32 (webtiles) character file.

Game seed: 14052824697027654276

1962 bmack86 the Cleaver (level 9, -5/91 HPs)
             Began as a Minotaur Berserker on May 10, 2023.
             Was a Priest of Trog.
             Killed from afar by an oklob plant (14 damage)
             ... with a splash of acid
             ... in the Dungeon (Sprint I: "Red Sonja").
             The game lasted 00:03:47 (513 turns).

bmack86 the Cleaver (Minotaur Berserker)             Turns: 513, Time: 00:03:48

Health: -5/91      AC:  4    Str: 27    XL:     9   Next: 0%
Magic:  8/8        EV:  8    Int:  4    God:    Trog [***...]
Gold:   183        SH:  0    Dex:  9    Spells: 8/8 levels left

rFire   . . .        a - +0 hand axe
rCold   . . .        (no shield)
rNeg    . . .        k - +0 plate armour
rPois   .            (helmet restricted)
rElec   .            (no cloak)
rCorr   .            l - +0 pair of gloves
SInv    .            (no boots)
Will    .....        (no amulet) Stlth
                     (no ring)
HPRegen 0.35/turn    (no ring)
MPRegen 0.11/turn

%: no teleportation
@: corroded, on berserk cooldown, slowed, very slow
A: horns 2, retaliatory headbutt
a: Renounce Religion, Berserk, Trog's Hand


You were in the Dungeon.
You worshipped Trog.
Trog was most pleased with you.
You visited 1 branch You collected 513 gold pieces.
You spent 330 gold pieces at shops.

Inventory:

Hand Weapons
 a - a +0 hand axe (weapon)
 m - a +4 longbow
Missiles
 b - 4 javelins
Armour
 j - a +3 scale mail of cold resistance
 k - a +0 plate armour (worn)
 l - a +0 pair of gloves (worn)
Jewellery
 n - a +6 ring of intelligence
Wands
 i - a wand of flame (8) (quivered)
Scrolls
 h - 2 scrolls of blinking
Potions
 c - a potion of curing
 d - a potion of heal wounds
 e - a potion of haste
 f - 2 potions of magic
 g - a potion of berserk rage
 o - a potion of lignification {unknown}


   Skills:
 + Level 12.3 Fighting
 + Level 12.3 Axes
 + Level 6.2 Throwing
 + Level 11.5 Armour
 - Level 3.0 Dodging
 + Level 8.4 Evocations


You had 8 spell levels left.
You didn't know any spells.
Your spell library was empty.

Dungeon Overview and Level Annotations

Branches:
Dungeon (1/1)

Altars:
Cheibriados
Dithmenos
Elyvilon
Fedhas
Gozag
Hepliaklqana
Kikubaaqudgha
Makhleb
Nemelex Xobeh
Okawaru
Qazlal
Ru
Sif Muna
Trog
Uskayaw
Vehumet
Wu Jian
Xom
Yredelemnul
Zin
The Shining One
Jiyva
Lugonu

Shops:
D [

Annotations:
D exclusion: oklob plant


Innate Abilities, Weirdness & Mutations

You have a pair of horns on your head.
You reflexively headbutt those who attack you in melee.


Message History

You headbutt the oklob plant, but do no damage.
The oklob plant is severely damaged.
You hit the oklob plant but do no damage.
You headbutt the oklob plant, but do no damage.
The oklob plant is severely damaged.
You are no longer berserk.
You are exhausted.
You feel yourself slow down.
You hit the oklob plant but do no damage.
The oklob plant is severely damaged.
You hit the oklob plant but do no damage.
You headbutt the oklob plant, but do no damage.
The oklob plant is severely damaged.
You hit the oklob plant but do no damage.
The oklob plant is severely damaged.
You hit the oklob plant but do no damage.
You headbutt the oklob plant, but do no damage.
The oklob plant is severely damaged.
The oklob plant spits acid at you. The splash of acid hits you!!
The acid corrodes you!
You hit the oklob plant but do no damage.
You headbutt the oklob plant, but do no damage.
The oklob plant is severely damaged.
The oklob plant spits acid at you. The splash of acid hits you!!
You hit the oklob plant but do no damage.
The oklob plant is severely damaged.
You hit the oklob plant but do no damage.
The oklob plant is severely damaged.
You hit the oklob plant but do no damage.
The oklob plant is severely damaged.
The oklob plant spits acid at you. The splash of acid hits you!!
* * * LOW HITPOINT WARNING * * *
You hit the oklob plant but do no damage.
You headbutt the oklob plant, but do no damage.
The oklob plant is severely damaged.
The oklob plant spits acid at you. The splash of acid hits you!
You die...

###############
).#..'..#__#..+
..').#..'..'..#
#'#####'#__####
..#...#)####§§####
###..##.#~§~§§#§§#
__##'#_.')§§§§†§.#
...†..._#§~~§§#§.#
__##_.#'##+#####@#
__###+#.# #P+ ###
### ###


You could see an oklob plant.

Vanquished Creatures
  2 centaur warriors (D)
  A hornet (D)
  Sigmund (D)
  A slime creature (D)
  A yak (D)
  An ogre (D)
  A jelly (D)
  Ijyb (D)
9 creatures vanquished.

Notes
Turn   | Place    | Note
-------+----------+-------------------------------------------
     0 | D        | bmack86 the Minotaur Berserker began the quest for the Orb.
     0 | D        | Reached XP level 1. HP: 19/19 MP: 0/0
     3 | D        | Noticed Ijyb
    10 | D        | Killed Ijyb
    11 | D        | Reached skill level 5 in Fighting
    11 | D        | Reached skill level 5 in Axes
    11 | D        | Reached XP level 2. HP: 22/29 MP: 1/1
    61 | D        | Noticed an ogre
    65 | D        | Killed an ogre
    66 | D        | Reached skill level 5 in Armour
    66 | D        | Reached XP level 3. HP: 39/39 MP: 2/2
    66 | D        | Reached XP level 4. HP: 47/47 MP: 3/3
   113 | D        | Noticed Sigmund
   117 | D        | Killed Sigmund
   117 | D        | Reached ** piety under Trog
   118 | D        | Reached XP level 5. HP: 56/56 MP: 4/4
   157 | D        | Found a burning altar of Makhleb.
   157 | D        | Found a viscous altar of Jiyva.
   157 | D        | Found a shimmering altar of Xom.
   157 | D        | Found a corrupted altar of Lugonu.
   157 | D        | Noticed a slime creature
   161 | D        | Killed a slime creature
   162 | D        | Reached skill level 5 in Evocations
   162 | D        | Reached XP level 6. HP: 66/66 MP: 5/5
   181 | D        | Found an ornate altar of the Wu Jian Council.
   181 | D        | Found a shimmering blue altar of Sif Muna.
   183 | D        | Found a radiant altar of Vehumet.
   218 | D        | Found Nuggam's Armour Emporium.
   218 | D        | Found an ancient bone altar of Kikubaaqudgha.
   218 | D        | Found a hazy altar of Hepliaklqana.
   218 | D        | Found a stormy altar of Qazlal.
   218 | D        | Found a hide-covered altar of Uskayaw.
   218 | D        | Found a blossoming altar of Fedhas.
   218 | D        | Found a bloodstained altar of Trog.
   218 | D        | Found an iron altar of Okawaru.
   218 | D        | Found a basalt altar of Yredelemnul.
   218 | D        | Found a glowing golden altar of the Shining One.
   218 | D        | Found a snail-covered altar of Cheibriados.
   218 | D        | Found a sacrificial altar of Ru.
   218 | D        | Found a glowing silver altar of Zin.
   218 | D        | Found a shadowy altar of Dithmenos.
   218 | D        | Found a white marble altar of Elyvilon.
   218 | D        | Noticed a yak
   224 | D        | Killed a yak
   225 | D        | Reached skill level 10 in Fighting
   225 | D        | Reached skill level 10 in Axes
   225 | D        | Reached XP level 7. HP: 72/72 MP: 6/6
   225 | D        | Found an opulent altar of Gozag.
   226 | D        | Found a sparkling altar of Nemelex Xobeh.
   230 | D        | Bought a +0 plate armour for 276 gold pieces
   230 | D        | Bought a +0 pair of gloves for 54 gold pieces
   278 | D        | Noticed a centaur warrior
   278 | D        | Noticed a centaur warrior
   288 | D        | Killed a centaur warrior
   288 | D        | Reached *** piety under Trog
   289 | D        | Reached skill level 10 in Armour
   289 | D        | Reached XP level 8. HP: 64/82 MP: 7/7
   296 | D        | Killed a centaur warrior
   297 | D        | Reached skill level 5 in Throwing
   337 | D        | Noticed a hornet
   343 | D        | Killed a hornet
   344 | D        | Reached XP level 9. HP: 72/91 MP: 8/8
   492 | D        | Noticed an oklob plant
   513 | D        | Killed from afar by an oklob plant

Illustrated notes

Levels and vault maps discovered:
D:        dungeon_sprint_1 [red_sonja_temple_1, red_sonja_temple_small_1]

Skill      XL: |  1  2  3  4  5  6  7  8 |
---------------+-------------------------+-----
Fighting       | 5 7 8 9 10 11 12 | 12.3
Axes           | 5 7 8 9 10 11 12 | 12.3
Armour         | 3 5 7 8 9 10 11 | 11.5
Dodging        | 3 |  3.0
Evocations     | 2 4 5 6 7 8 |  8.4
Throwing       | 2 4 6 |  6.2

Action                     |  1- 3 |  4- 6 |  7- 9 || total
---------------------------+-------+-------+-------++-------
  Melee: Hand axe          |     8 |    13 |    35 ||    56
         Headbutt          |     3 |     4 |    14 ||    21
 Invoke: Berserk           |     2 |     3 |     3 ||     8
  Evoke: Wand              |       |       |     1 ||     1
 Armour: Scale mail        |       |     4 |       ||     4
         Plate armour      |       |       |     9 ||     9
  Dodge: Dodged            |     3 |     4 |     5 ||    12

Table legend: (Time is in decaauts)
 A = Elapsed time spent in this place.
 B = Non-inter-level travel time spent in this place.
 C = Inter-level travel time spent in this place.
 D = Time resting spent in this place.
 E = Time spent auto-exploring this place.
 F = Levels seen in this place.
 G = Mean time per level.
                   A        B        C        D        E       F      G
               +--------+--------+--------+--------+--------+-----+--------+
         Total |    573 |    573 |      0 |    312 |      0 |   1 |  573.0 |
       Dungeon |    573 |    573 |      0 |    312 |      0 |   1 |  573.0 |
               +--------+--------+--------+--------+--------+-----+--------+

Top non-repeatable levels by time:
       D: 573 daAuts
